montu, chaotic male human Wizard ---- |..--- ---- ----....--- |..^| |.....)...| --...----- |.....)...| |..).....--- |..)).....------.)...))%..| --........)...|......----.--- ...- -----..----.........| |...| --...---------- |...| |...--.)..------.--. ddd.))........| ---.| --.----.)...----.(..| ------ .@d....`.----.- |.| --- ---...)||.....| |....| ------.. |*.. |.| ---..^-||...%.| |....-- --- --..--- |.| |......|--..|.| ---....| .....--|.- |..>..-- |.-|.|---|.....-- --...-|.. ----.-- |.--.|..--.--..| |....|.. --- |.......[..||.-- |....... ---....-.------ ----.... |.......| |...----- --.-- --- montu the Thaumaturge Experience level: 8 Strength: 5 Dexterity: 15 Constitution: 12 Intelligence: 18 Wisdom: 12 Charisma: 11 Health: 0(66) Energy: 69(69) Def: 0 Gold: 579 Moves: 6310 Dungeon seed: DRc6rN0hT-sJrrru Game ID: montu_1680461788 Your Inventory: Coins $ - 579 gold pieces Amulets r - an uncursed amulet of ESP (being worn) Weapons p - an uncursed +0 axe of lightning Rings c - a cursed ring of polymorph control i - an uncursed ring of free action (on left hand) m - an uncursed ring of warning C - an uncursed +1 ring of gain strength (on right hand) Wands g - an uncursed wand of sleep (0:3) l - an uncursed wand of striking (0:6) L - an uncursed wand of digging (0:5) V - an uncursed wand of slow monster (0:2) Tools d - an uncursed tallow candle (0:200) k - an uncursed lock pick s - an uncursed stethoscope t - an uncursed towel u - an uncursed +0 unicorn horn w - an uncursed magic whistle F - an uncursed tin whistle O - a cursed wax candle (0:400) S - an uncursed tin opener U - an uncursed towel W - 3 uncursed wax candles (0:400) X - 6 cursed tallow candles (0:200) Gems f - an uncursed topaz stone n - 2 uncursed fluorite stones q - an uncursed worthless piece of violet glass y - an uncursed amethyst stone z - an uncursed garnet stone T - 2 uncursed worthless pieces of orange glass Y - an uncursed worthless piece of white glass Spells and supernatural/magical abilities: Name Level Category Cost Memory a - force bolt 1 attack 6pw 90% m - magic missile 2 attack 12pw 90% s - slow monster 2 enchantment 16pw 99% x - extra healing 3 healing 37pw 90% z - sleep 1 enchantment 8pw 100% O - summoning 2 clerical 25pw 94% S - stone to flesh 3 healing 37pw 90% W - pray for help -- divine ? -- Your skills at the end: Fighting Skills wands [Basic] Weapon Skills quarterstaff [Expert] Spellcasting Skills attack spells [Skilled] enchantment spells [Basic] Final Attributes: You had strayed. You were poison resistant. You were level-drain resistant. You were strongly telepathic. You regenerated. You were a werewolf. You had free action. You angered your god 214 turns ago. Anhur was noncommittal. You are dead. Vanquished creatures: 2 wargs a winter wolf a large dog a dwarf king an incubus a giant beetle 7 wolves an iron piercer 2 giant spiders a gnome king a dwarf mummy a werewolf 2 lizards 3 housecats 2 jaguars a dwarf lord a white unicorn 4 gnome mummies a human zombie 2 wood nymphs a water nymph 2 Uruk-hai a pony 2 fog clouds a yellow light a shrieker 10 gnome lords 3 gnomish wizards a guardian naga hatchling a straw golem 3 giant ants a floating eye 2 kittens 14 dwarves 2 kobold lords 4 hill orcs a rothe a centipede a giant bat an orc zombie a dwarf zombie 3 iguanas 2 acid blobs 5 hobbits 6 giant rats 2 yellow molds 2 green molds a red mold 47 gnomes 5 garter snakes 5 geckos 5 jackals a kobold 5 goblins 7 grid bugs 5 lichens 5 newts 196 creatures vanquished. Voluntary challenges: You used a wielded weapon 217 times, starting on turn 154. You read items or engraved 53 times, starting on turn 1183. You never genocided any monsters. You never polymorphed an object. You changed form 1 time, starting on turn 5521. You used no wishes. You never split a pudding. You wrote Elbereth's name 44 times, starting on turn 1183. You violated your moral code, losing 64 points of alignment, starting on turn 4413. Dungeon overview: The Dungeons of Doom: levels 1 to 4 Level 1 a fountain, a sink a long staircase Level 2 a fountain, a vault Level 3 an altar to Ptah, some fountains, a sink Level 4 some fountains, a vault stairs to The Gnomish Mines The Gnomish Mines: levels 5 to 10 Level 5 stairs to The Dungeons of Doom Level 6 Level 7 many shops, a temple to Anhur, some fountains Level 8 Level 9 Level 10 <- You were here History has recorded: On T:1 you entered the Dungeons of Doom to retrieve the Amulet of Yendor! On T:271 you reached level 2 of The Dungeons of Doom. On T:409 you advanced to experience level 2. On T:587 you reached level 3 of The Dungeons of Doom. On T:759 you advanced to experience level 3. On T:1306 you advanced to experience level 4. On T:1338 you reached level 4 of The Dungeons of Doom. On T:1795 you reached level 1 of The Gnomish Mines. On T:1891 you advanced to experience level 5. On T:2247 you advanced to experience level 6. On T:2378 you reached level 2 of The Gnomish Mines. On T:3082 you reached level 3 of The Gnomish Mines. On T:3091 you advanced to experience level 7. On T:4216 you reached level 4 of The Gnomish Mines. On T:4863 you advanced to experience level 8. On T:5204 you reached level 5 of The Gnomish Mines. On T:5676 you reached level 6 of The Gnomish Mines. Score breakdown: Gold: 579 ( 9400 points) Experience: 8 levels (14739 points) Exploration: 10 levels ( 20.41%) (12990 points) Discoveries: 33 items ( 11.07%) ( 9983 points) Valuables value: (no points given unless you survive) Artifact value: 0 ( 0 points) Variety of kills: 57 monsters ( 15.00%) (11618 points) Turncount: 6310 turns (-1698 points) Survival: died (score multiplied by 80%) Total score: 45625 Latest messages: The boulder misses the wolf. (2x) You are hit by a boulder. The boulder misses the winter wolf. You return to human form! Your movements are now unencumbered. The boulder misses the winter wolf. You are hit by a boulder. The boulder hits the winter wolf! The boulder hits the wolf. You are hit by a boulder. The boulder misses the winter wolf. (2x) You are hit by a boulder. The boulder hits the winter wolf! The winter wolf picks up 2 crossbow bolts of fire. The boulder misses the wolf. You are hit by a boulder. The boulder misses the winter wolf. (2x) You are almost hit by a boulder. You are hit by a boulder. The boulder misses the winter wolf. The winter wolf drops 2 crossbow bolts of fire. The boulder misses the winter wolf. You are hit by a boulder. You die... For some reason, you think that you can almost hear the Wizard laugh manically... Final status: Goodbye montu the Wizard, killed by a boulder, while fainted from lack of food... You died in The Gnomish Mines on dungeon level 10 with 45625 points, and 579 pieces of gold, after 6310 moves. You were level 8 with a maximum of 66 hit points when you died.